 Dungeon Crawl Stone Soup version bcrawl-1.24 (webtiles) character file.

Game seed: 12388913946987601867

82 Freyura the Covered (level 4, -1/29 HPs)
             Began as a Gargoyle Fighter on June 14, 2020.
             Slain by Sigmund
             ... wielding a +0 scythe
              (4 damage)
             ... on level 3 of the Dungeon on June 15, 2020.
             The game lasted 00:06:22 (1690 turns).

Freyura the Covered (Gargoyle Fighter)              Turns: 1690, Time: 00:06:22

Health: -1/29      AC: 10    Str: 24    XL:     4   Next: 43%
Magic:  4/4        EV:  3    Int:  9    God:
Gold:   123        SH: 11    Dex: 10    Spells: 3/3 levels left

rFire    . . .     SeeInvis .   a - +1 flail
rCold    . . .     Gourm    .   f - +2 medium shield
rNeg     + . .     Faith    .   b - +0 scale mail
rPois    ∞         Spirit   .   (no helmet)
rElec    +         Reflect  .   (no cloak)
rCorr    .         Harm     .   (no gloves)
MR       .....                  (no boots)
Stlth    ..........             (no amulet)
HPRegen  0.09/turn              l - -3 ring of evasion (curse)
MPRegen  0.09/turn              m - -3 ring of slaying (curse)

@: mighty
A: negative energy resistance 1, electricity resistance, unbreathing,
petrification resistance, rot immunity, AC +3
a: no special abilities


You were on level 3 of the Dungeon.
You were very hungry.

You visited 1 branch of the dungeon, and saw 3 of its levels.

You collected 123 gold pieces.

Inventory:

Hand Weapons
 a - a +1 flail (weapon)
Armour
 b - a +0 scale mail (worn)
 f - a +2 medium shield (worn)
Jewellery
 l - a cursed -3 ring of evasion (left hand)
 m - a cursed -3 ring of slaying (right hand)
Scrolls
 j - 2 scrolls of fog
 k - a scroll of teleportation
Potions
 c - 2 potions of haste
 i - a potion of ambrosia
 n - 2 potions of curing
Comestibles
 e - 3 rations {!d}


   Skills:
 + Level 3.7 Fighting
 * Level 3.1 Maces & Flails
 + Level 3.8 Armour
 + Level 0.9 Dodging
 + Level 3.7 Shields


You had 3 spell levels left.
You didn't know any spells.
Your spell library was empty.

Dungeon Overview and Level Annotations

Branches:
Dungeon (3/12)

Altars:
Trog

Annotations:
D:3 Sigmund


Innate Abilities, Weirdness & Mutations

You are resistant to torment.
Your stone body is resilient. (AC +3)
You are immune to poison.
You resist negative energy. (rN+)
You are resistant to electric shocks. (rElec)
You can survive without breathing.
You are immune to petrification.
You are immune to rotting.


Message History

You closely miss something. Something hits you.
You bludgeon something!!
You hear some strange, mumbled words.
You are confused.
You hear some strange, mumbled words.
You are more confused.
Something hits you. Something hits you but does no damage.
Something hits you but does no damage.
You closely miss something.
You hear some strange, mumbled words.
A magic dart appears from out of thin air!
The magic dart hits you. Something hits you!
* * * LOW HITPOINT WARNING * * *
Something hits you but does no damage. Something hits you but does no damage.
You feel less confused. Something hits you.
You die...

########
#......# ##
#......#
#...#......#
#......#########
##..#.†@...!....
#.#..#.<.......
?..#.###........
..###. #........
### #. #........
.. #....?... .#
#........
#........
###.#####


There were no monsters in sight!

Vanquished Creatures
  An ooze (D:2)
  3 worms
  A dart slug (D:1)
  4 leopard geckos
  8 bats
  A giant cockroach (D:2)
  7 goblins (D:1)
  10 hobgoblins
  2 jackals (D:2)
  A quokka (D:1)
  2 ball pythons
  6 frilled lizards
  5 kobolds
  10 rats
61 creatures vanquished.

Notes
Turn   | Place    | Note
-------+----------+-------------------------------------------
     0 | D:1      | Freyura the Gargoyle Fighter began the quest for the Orb.
     0 | D:1      | Reached XP level 1. HP: 14/14 MP: 1/1
   107 | D:1      | Reached XP level 2. HP: 18/19 MP: 2/2
   236 | D:1      | Got a warped steel amulet
   237 | D:1      | Identified the amulet "Igumeor" {Inacc *Corrode Str+2
                  | Int+2} (You found it on level 1 of the Dungeon)
   462 | D:1      | Reached XP level 3. HP: 22/23 MP: 3/3
  1040 | D:2      | Found a bloodstained altar of Trog.
  1043 | D:2      | Reached XP level 4. HP: 28/29 MP: 4/4
  1655 | D:3      | Noticed Sigmund
  1690 | D:3      | Slain by Sigmund

Skill      XL: |  1  2  3  4 |
---------------+-------------+-----
Maces & Flails | 3 |  3.1
Fighting       | |  3.7
Armour         | |  3.8
Dodging        | |  0.9
Shields        | |  3.7

Action                   |  1- 3 |  4- 6 || total
-------------------------+-------+-------++-------
Melee: Flail             |   188 |    73 ||   261
  Use: Scroll            |     4 |     3 ||     7
       Potion            |       |     1 ||     1
  Eat: Chunk             |     1 |     1 ||     2
Armor: Scale mail        |   100 |    63 ||   163
Dodge: Dodged            |    30 |     5 ||    35
Block: Medium shield     |   129 |    45 ||   174
